 Dungeon Crawl Stone Soup version 0.26-a0-651-gb41185065b (webtiles) character file.

Game seed: 14256317590934953929

198 Lanoc the Charlatan (level 5, -8/40 HPs)
             Began as a Demonspawn Artificer on Oct 13, 2020.
             Killed by divine providence
             ... invoked by an orc priest
              (13 damage)
             ... on level 4 of the Dungeon.
             The game lasted 00:05:23 (3320 turns).

Lanoc the Charlatan (Demonspawn Artificer)          Turns: 3320, Time: 00:05:24

Health: -8/40      AC:  5    Str: 12    XL:     5   Next: 47%
Magic:  5/5        EV: 12    Int: 12    God:
Gold:   176        SH:  4    Dex: 15    Spells: 4/4 levels left

rFire    . . .     SeeInvis .   i - +0 dagger
rCold    + . .     Faith    .   o - +0 buckler
rNeg     . . .     Spirit   .   b - +0 leather armour
rPois    .         Reflect  .   (helmet restricted)
rElec    .         Harm     .   (no cloak)
rCorr    .         Rampage  .   (no gloves)
MR       .....                  (no boots)
Stlth    +.........             (no amulet)
HPRegen  0.13/turn              (no ring)
MPRegen  0.09/turn              (no ring)

@: no status effects
A: antennae 1, rugged brown scales 2, cold resistance 1
a: no special abilities


You were on level 4 of the Dungeon.
You visited 1 branch of the dungeon, and saw 4 of its levels.

You collected 176 gold pieces.

Inventory:

Hand Weapons
 i - a +0 dagger (weapon)
Armour
 b - a +0 leather armour (worn)
 o - a +0 buckler (worn)
Wands
 c - a wand of flame (4)
 d - a wand of enslavement (9)
Scrolls
 a - 2 scrolls of amnesia {unknown}
 e - a scroll of magic mapping {unknown}
 j - 3 scrolls of identify {unknown}
 m - a scroll of enchant armour {unknown}
 n - a scroll of remove curse {unknown}
Potions
 f - a potion of invisibility
 h - 3 potions of curing
 k - a potion of flight {unknown}
 l - a potion of heal wounds {unknown}
 p - a potion of stabbing {unknown}


   Skills:
 + Level 2.5 Fighting
 - Level 1.7 Armour
 + Level 2.3 Dodging
 - Level 0.8 Stealth
 + Level 1.3 Shields
 * Level 4.7 Evocations


You had 4 spell levels left.
You didn't know any spells.
Your spell library was empty.

Dungeon Overview and Level Annotations

Branches:
Dungeon (4/15)
 Temple: D:4-7

Altars:
The Shining One

Annotations:
D:3 1 runed translucent door, Wiebster667's ghost, amateur DEFE


Innate Abilities, Weirdness & Mutations

You have a pair of small antennae on your head.
You are mostly covered in rugged brown scales. (AC +2, +5% HP)
Your flesh is cold resistant. (rC+)


Message History

Your worker ant closely misses the orc priest.
You block the orc priest's attack.
The orc priest hits your worker ant but does no damage.
You hit the orc priest.
The orc priest is moderately wounded.
Your worker ant barely misses the orc priest.
You hit the orc priest.
The orc priest is moderately wounded.
The orc priest mumbles some strange prayers to Beogh against you.
Pain shoots through your body!
Your worker ant bites the orc priest.
The orc priest hits you with a +0 hand axe!
* * * LOW HITPOINT WARNING * * *
The orc priest barely misses your worker ant.
Your worker ant closely misses the orc priest.
Your worker ant barely misses the orc priest.
You closely miss the orc priest.
The orc priest is heavily wounded.
The orc priest calls down the wrath of Beogh upon you.
Beogh smites you!
You die...

#... ##.## #..# #...#
### #..# ... ..# ####..#
# ... #.# #..#..# ##.
#.# #.####...).) ##...
#.# #.#.##.##..#
......##o####..........#
.......@)a.............#
#..>..#######....#######
##... #.#.## ##. #.### #
..# ####


You could see an orc priest and a friendly worker ant (charmed).

Vanquished Creatures
  A scorpion (D:4)
  An orc wizard (D:4)
  A hound zombie (D:2)
  A gnoll (D:3)
  2 adders
  An ooze (D:2)
  2 worms
  A leopard gecko (D:3)
  2 orcs
  3 bats
  A giant cockroach (D:3)
  5 goblins
  2 hobgoblins
  2 jackals (D:3)
  4 kobolds
  2 frilled lizards (D:2)
  6 rats
37 creatures vanquished.

Vanquished Creatures (collateral kills)
  A howler monkey (D:4)
  A hound (D:4)
  2 gnolls (D:3)
  3 orcs (D:4)
  A ball python (D:4)
  A butterfly (D:4)
9 creatures vanquished.

Vanquished Creatures (others)
  A gnoll (D:3)
1 creature vanquished.

Grand Total: 47 creatures vanquished

Notes
Turn   | Place    | Note
-------+----------+-------------------------------------------
     0 | D:1      | Lanoc the Demonspawn Artificer began the quest for the Orb.
     0 | D:1      | Reached XP level 1. HP: 15/15 MP: 1/1
   251 | D:1      | Reached skill level 1 in Dodging
   426 | D:1      | Gained mutation: You are partially covered in rugged brown
                  | scales. (AC +1, +3% HP) [demonic ancestry]
   426 | D:1      | Reached XP level 2. HP: 13/21 MP: 2/2
  1080 | D:2      | Gained mutation: You have a pair of small antennae on your
                  | head. [demonic ancestry]
  1080 | D:2      | Reached XP level 3. HP: 26/26 MP: 3/3
  1090 | D:2      | Found a glowing golden altar of the Shining One.
  1849 | D:3      | Reached skill level 4 in Evocations
  2264 | D:3      | Gained mutation: You are mostly covered in rugged brown
                  | scales. (AC +2, +5% HP) [demonic ancestry]
  2264 | D:3      | Reached XP level 4. HP: 12/34 MP: 4/4
  2501 | D:3      | Found a runed translucent door.
  2536 | D:3      | Noticed Wiebster667's ghost (amateur DEFE)
  2886 | D:4      | Reached skill level 1 in Shields
  2886 | D:4      | Gained mutation: Your flesh is cold resistant. (rC+)
                  | [demonic ancestry]
  2886 | D:4      | Reached XP level 5. HP: 3/40 MP: 5/5
  3320 | D:4      | Killed from afar by an orc priest

Illustrated notes

Levels and vault maps discovered:
D:1:      nicolae_arrival_washed_ashore, layout_rooms
D:2:      layout_basic, nicolae_tso_swordbearing_angel
D:3:      layout_loops_corners, ebering_ghost_reflecting_pool
D:4:      layout_loops_ring, xom_butterflies, gammafunk_ghost_smash

Skill      XL: |  1  2  3  4 |
---------------+-------------+-----
Dodging        | 1 2 |  2.3
Evocations     | 4 |  4.7
Fighting       | 2 |  2.5
Shields        | 1 |  1.3
Armour         | |  1.7
Stealth        | |  0.8

Action                   |  1- 3 |  4- 6 || total
-------------------------+-------+-------++-------
Melee: Club              |    49 |       ||    49
       Dagger            |   123 |    46 ||   169
Evoke: Wand              |    23 |     9 ||    32
  Use: Potion            |       |     3 ||     3
 Stab: Sleeping          |     3 |       ||     3
       Paralysed         |       |     3 ||     3
Armor: Leather armour    |    50 |     7 ||    57
Dodge: Dodged            |   120 |    22 ||   142
Block: Buckler           |     4 |     6 ||    10

Table legend: (Time is in decaauts)
 A = Elapsed time spent in this place.
 B = Non-inter-level travel time spent in this place.
 C = Inter-level travel time spent in this place.
 D = Time resting spent in this place.
 E = Time spent auto-exploring this place.
 F = Levels seen in this place.
 G = Mean time per level.
                   A        B        C        D        E       F      G
               +--------+--------+--------+--------+--------+-----+--------+
         Total |   3336 |   3310 |     26 |      0 |   2649 |   4 |  834.0 |
       Dungeon |   3336 |   3310 |     26 |      0 |   2649 |   4 |  834.0 |
               +--------+--------+--------+--------+--------+-----+--------+

Top non-repeatable levels by time:
     D:3: 1312 daAuts
     D:4: 714 daAuts
     D:2: 686 daAuts
     D:1: 622 daAuts
